 Dungeon Crawl Stone Soup version 0.27-a0-1084-g78b3836a5f (webtiles) character file.

Game seed: 15082205691159238295

13 1player the Skirmisher (level 2, 0/25 HPs)
             Began as a Formicid Abyssal Knight on Apr 26, 2021.
             Was a Follower of Lugonu.
             Slain by Natasha (9 damage)
             ... on level 1 of the Dungeon.
             The game lasted 00:01:39 (944 turns).

1player the Skirmisher (Formicid Abyssal Knight)     Turns: 944, Time: 00:01:40

Health: 0/25       AC:  3    Str: 16    XL:     2   Next: 50%
Magic:  3/3        EV: 11    Int: 11    God:    Lugonu [*.....]
Gold:   27         SH:  0    Dex: 10    Spells: 1/1 levels left

rFire    . . .     SeeInvis +   a - +1 falchion
rCold    . . .     Faith    .   (no shield)
rNeg     . . .     Spirit   .   c - +0 leather armour
rPois    .         Reflect  .   (helmet unavailable)
rElec    .         Harm     .   (no cloak)
rCorr    .         Rampage  .   (no gloves)
Will     .....                  (no boots)
Stlth    +.........             (no amulet)
HPRegen  0.08/turn              (no ring)
MPRegen  0.08/turn              (no ring)

@: no status effects
A: permanent stasis, dig shafts and tunnels, antennae 3, four strong arms
a: Dig, Shaft Self, Renounce Religion, Depart the Abyss


You were on level 1 of the Dungeon.
You worshipped Lugonu.
Lugonu was aware of your devotion.
You visited 1 branch of the dungeon, and saw 2 of its levels.
You visited the Abyss 1 time.

You collected 27 gold pieces.

Inventory:

Hand Weapons
 a - a +1 falchion (weapon)
 b - a +0 hunting sling
Missiles
 g - a stone
Armour
 c - a +0 leather armour (worn)
Scrolls
 d - a scroll of teleportation {unknown}
 e - a scroll of vulnerability {unknown}
 f - a scroll of fear {unknown}
Potions
 h - a potion of curing {unknown}


   Skills:
 + Level 3.7 Fighting
 - Level 2.0 Long Blades
 - Level 2.1 Armour
 - Level 0.8 Dodging
 + Level 1.8 Stealth
 - Level 2.1 Invocations


You had one spell level left.
You didn't know any spells.
Your spell library was empty.

Dungeon Overview and Level Annotations

Branches:
Dungeon (2/15)

Altars:

Annotations:
D:1 Natasha


Innate Abilities, Weirdness & Mutations

You cannot be hasted, slowed, berserked, paralysed or teleported.
You can dig through walls and to a lower floor.
You have a pair of large antennae on your head. (SInv)
Your four strong arms can wield two-handed weapons with a shield.


Message History

Lugonu accepts your kill.
A frilled lizard comes into view.
The frilled lizard hisses angrily.
You hit the frilled lizard.
You kill the frilled lizard!
Lugonu accepts your kill.
You can now depart the Abyss.
Done exploring.
Done exploring.
You see here a +0 dagger.
There is a stone staircase leading down here.
You climb downwards.
A goblin and Natasha come into view.
Found a scroll labelled AWEDUGE ETHIAF.
Found an escape hatch in the floor.
Found a stone staircase leading down.
There is a stone staircase leading up here.
Press: ? - help, v - describe, . - travel
Here: Natasha The floor.
The goblin shouts!
You hear a shout!
Natasha stares at you and mumbles some strange words.
You resist with significant effort. Natasha barely misses you.
You climb upwards.
There is a stone staircase leading down here.
You hit Natasha.
Natasha is moderately wounded.
Natasha howls an incantation.
You feel troubled. Natasha closely misses you.
You riposte.
You hit Natasha but do no damage.
Natasha is moderately wounded.
You hit Natasha but do no damage.
Natasha is moderately wounded.
Natasha claws you. x2
You barely miss Natasha.
Natasha is lightly wounded.
Natasha claws you!
You hit Natasha.
Natasha is moderately wounded.
Natasha claws you!
You die...

...# #...##...#.......##
#.#.##.# .#.#
#.................###.#.##.#
...#
#.####...##...........#....#
#.## #.#
##.###.#.....#####..... #.#
#.# #.###.##>..## ##.##) #.#
#.# #.........## #.##. #.#
#.# #####.##### #.##. #.#
#.# #.############.##. #.#
#.# #@##...........##. #.#
#.# #.h..############. #.#
#.# ###### #. #.# #.# #.
#.####.######### #.
#..............# ##.
)......#######.# ########.#
########
#.#########.........
#...........########


You could see Natasha.

Vanquished Creatures
  An endoplasm (D:1)
  A goblin (D:1)
  2 hobgoblins (D:1)
  3 jackals (D:1)
  2 ball pythons (D:1)
  A frilled lizard (D:1)
  A kobold (D:1)
  A rat (D:1)
12 creatures vanquished.

Notes
Turn   | Place    | Note
-------+----------+-------------------------------------------
     0 | Abyss:1  | 1player the Formicid Abyssal Knight began the quest for the
                  | Orb.
     0 | Abyss:1  | Reached XP level 1. HP: 18/18 MP: 2/2
    27 | Abyss:1  | Found a stormy altar of Qazlal.
    32 | Abyss:1  | Noticed a thrashing horror
    33 | D:1      | Escaped the Abyss
   148 | D:1      | Reached skill level 1 in Stealth
   165 | D:1      | Reached * piety under Lugonu
   166 | D:1      | Reached XP level 2. HP: 15/24 MP: 3/3
   389 | D:1      | Found a faded altar of an unknown god.
   935 | D:2      | Noticed Natasha
   944 | D:1      | Slain by Natasha

Illustrated notes

Levels and vault maps discovered:
D:1:      lightli_arrival_flooded_house, layout_loops_ring,
          chequers_ecumenical_altar_simple
D:2:      layout_basic, serial_shops, shop_scrolls, corexii_corridor_pit,
          minmay_shallow_snake_nest, uniq_natasha

Skill      XL: |  1 |
---------------+----+-----
Stealth        | 1 |  1.8
Fighting       | |  3.7
Long Blades    | |  2.0
Armour         | |  2.1
Dodging        | |  0.8
Invocations    | |  2.1

Action                   || total
-------------------------++-------
Melee: Falchion          ||    25
Invok: Depart the Abyss  ||     1
Armor: Leather armour    ||     6
Dodge: Dodged            ||    21
       Rpst.: Falchion   ||     6

Table legend: (Time is in decaauts)
 A = Elapsed time spent in this place.
 B = Non-inter-level travel time spent in this place.
 C = Inter-level travel time spent in this place.
 D = Time resting spent in this place.
 E = Time spent auto-exploring this place.
 F = Levels seen in this place.
 G = Mean time per level.
                   A        B        C        D        E       F      G
               +--------+--------+--------+--------+--------+-----+--------+
         Total |    947 |    903 |     44 |    177 |    578 |   3 |  315.7 |
       Dungeon |    914 |    870 |     44 |    177 |    555 |   2 |  457.0 |
         Abyss |     33 |     33 |      0 |      0 |     23 |   1 |   33.0 |
               +--------+--------+--------+--------+--------+-----+--------+

Top non-repeatable levels by time:
     D:1: 909 daAuts
 Abyss:1: 33 daAuts
     D:2: 4 daAuts
